 Dungeon Crawl Stone Soup version 0.23.2-30-g0e89c35649 (webtiles) character file.

Game seed: 4975754537677907760

2641 Pizzadoos the Magician (level 9, 0/71 HPs)
             Began as a Gnoll Warper on June 14, 2019.
             Was a Follower of Makhleb.
             Slain by an orc warrior
             ... wielding a +0 scimitar
              (15 damage)
             ... on level 8 of the Dungeon.
             The game lasted 00:50:16 (7427 turns).

Pizzadoos the Magician (Gnoll Warper)               Turns: 7427, Time: 00:50:17

Health: 0/71       AC: 11    Str: 17    XL:     9   Next: 61%
Magic:  19/19      EV: 14    Int: 15    God:    Makhleb [*.....]
Gold:   193        SH:  6    Dex: 20    Spells: 19/21 levels left

rFire    . . .     SeeInvis .   L - +1 long sword of Extremism {freeze, Dex+5}
rCold    . . .     Gourm    .   w - +0 buckler
rNeg     . . .     Faith    .   t - +0 chain mail
rPois    .         Spirit   .   I - +0 helmet
rElec    .         Reflect  .   (no cloak)
rCorr    .         Harm     .   (no gloves)
MR       +....                  (no boots)
Stlth    ..........             (no amulet)
HPRegen  0.21/turn              p - +3 ring of evasion
MPRegen  0.16/turn              r - ring of protection from magic

@: no status effects
A: distributed training, fangs 1, strong nose
a: Renounce Religion


You were on level 8 of the Dungeon.
You worshipped Makhleb.
Makhleb was aware of your devotion.
You were not hungry.

You visited 1 branch of the dungeon, and saw 8 of its levels.

You collected 363 gold pieces.
You spent 170 gold pieces at shops.

Inventory:

Hand Weapons
 q - a +2 dagger of electrocution
 L - the +1 long sword of Extremism (weapon) {freeze, Dex+5}
   (You found it on level 7 of the Dungeon)

   It has been specially enchanted to freeze those struck by it, causing extra
   injury to most foes and up to half again as much damage against particularly
   susceptible opponents.
   It can also slow down cold-blooded creatures.
   It affects your dexterity (+5).
 N - a +1 flail of crushing
Missiles
 e - 3 tomahawks of dispersal (quivered)
 i - 37 sling bullets
 k - 30 poisoned needles
 o - 349 stones
 y - 2 javelins
 A - 8 tomahawks
Armour
 b - a +0 leather armour
 t - a +0 chain mail (worn)
 w - a +0 buckler (worn)
 I - a +0 helmet (worn)
Magical Staves
 E - an uncursed staff of summoning
Jewellery
 p - a +3 ring of evasion (left hand)
 r - a ring of protection from magic (right hand)
 D - an uncursed ring of resist corrosion
 O - an uncursed ring of protection from cold
Wands
 F - a wand of flame (6)
 K - a wand of polymorph (5)
Scrolls
 c - 3 scrolls of teleportation
 d - 2 scrolls of blinking
 h - 3 scrolls of remove curse
 j - 4 scrolls of amnesia {unknown}
 m - 3 scrolls of enchant armour {unknown}
 v - 2 scrolls of fear {unknown}
 B - a scroll of enchant weapon
 C - 2 scrolls of identify
 G - a scroll of silence {unknown}
 H - a scroll of immolation {unknown}
 J - a scroll of random uselessness {unknown}
 M - a scroll of noise {unknown}
Potions
 a - 2 potions of haste
 g - 2 potions of invisibility
 l - 4 potions of cancellation
 n - a potion of might
 s - a potion of mutation
 u - a potion of curing
 x - a potion of magic
 z - 2 potions of flight
Comestibles
 f - 8 rations


   Skills:
 + Level 6.4 Fighting
 + Level 4.3 Short Blades
 + Level 4.3 Long Blades
 + Level 4.3 Axes
 + Level 6.4 Maces & Flails
 + Level 4.3 Polearms
 + Level 4.3 Staves
 + Level 4.3 Slings
 + Level 4.3 Bows
 + Level 4.3 Crossbows
 + Level 5.1 Throwing
 + Level 5.1 Armour
 + Level 6.4 Dodging
 + Level 4.3 Stealth
 + Level 4.3 Shields
 + Level 4.3 Unarmed Combat
 + Level 6.7 Spellcasting
 + Level 3.5 Conjurations
 + Level 3.5 Hexes
 + Level 3.5 Charms
 + Level 3.5 Summonings
 + Level 3.5 Necromancy
 + Level 6.6 Translocations
 + Level 3.5 Transmutations
 + Level 3.5 Fire Magic
 + Level 3.5 Ice Magic
 + Level 3.5 Air Magic
 + Level 3.5 Earth Magic
 + Level 3.5 Poison Magic
 + Level 4.8 Invocations
 + Level 4.3 Evocations


You had 19 spell levels left.
You knew the following spells:

 Your Spells              Type           Power        Failure   Level  Hunger
a - Blink                 Tloc           N/A          19%         2    None

Your spell library contained the following spells:

 Spells                   Type           Power        Failure   Level  Hunger
 Shroud of Golubria       Chrm/Tloc      ###.......   32%         2    None
 Gell's Gravitas          Tloc           ###.......   34%         3    ##.....
 Lesser Beckoning         Tloc           ###.......   34%         3    ##.....
 Teleport Other           Tloc           ###.....     34%         3    ##.....
 Passage of Golubria      Tloc           N/A          75%         4    ####...


Dungeon Overview and Level Annotations

Branches:
Dungeon (8/15)             Temple (0/1) D:7
   Lair: D:8-11

Altars:
Fedhas
Kikubaaqudgha
Makhleb
Okawaru
Uskayaw
Wu Jian
Zin

Shops:
D:4 }   D:5 ?   D:7 [

Portals:
Ossuary: D:8

Annotations:
D:4 exclusion: oklob plant


Innate Abilities, Weirdness & Mutations

Your experience applies equally to all skills.
You have very sharp teeth.
Your uncanny sense of smell can sniff out nearby items.


Message History

You bite the orc warrior, but do no damage.
The orc warrior is moderately wounded.
The orc warrior misses you.
You closely miss the orc warrior.
The orc warrior is moderately wounded.
The orc warrior hits you with a +0 scimitar!
* * * LOW HITPOINT WARNING * * *
Your chain mail prevents you from hitting the orc warrior.
The orc warrior is moderately wounded.
You block the orc warrior's attack.
You hit the orc warrior but do no damage.
Your bite misses the orc warrior.
The orc warrior is moderately wounded.
You block the orc warrior's attack.
A kobold comes into view. It is wielding a +0 club.
Casting: Blink (safe; 19% risk of failure)
Confirm with . or Enter, or press ? or * to list all spells.
You don't know that spell.
The orc warrior hits you with a +0 scimitar!
You die...

#.... #.... ####### #....
#.....# #....
########.....#############....
.............@ooKK............
##.#####.....#####K...........
##.#####.....## #.(......(###
................ +...((....())
##.####...###### #.........###
#...# #....(....# ∆ #...#
#.........# ##...# ###########
∆ #....#


You could see an orc warrior, a big kobold, an orc priest and 2 kobolds.

Vanquished Creatures
  Pikel (D:7)
  Sigmund (D:3)
  A hungry ghost (D:7)
  2 black bears (D:6)
  A sky beast (D:5)
  3 slaves (D:7)
  A necrophage (D:7)
  2 ogres
  2 bullfrogs
  2 scorpions (D:5)
  2 crimson imps
  A quasit (D:7)
  2 jellies (D:5)
  3 orc wizards
  4 hounds
  Crazy Yiuf (D:5)
  An orc priest (D:4)
  3 centaur skeletons
  An iguana (D:5)
  7 worker ants
  Natasha (D:2)
  A hound skeleton (D:6)
  2 worker ant zombies (D:7)
  10 gnolls (D:5)
  11 adders
  3 shadow imps
  3 oozes
  2 adder skeletons
  3 worms
  5 dart slugs
  14 leopard geckos
  12 orcs
  7 bats
  5 giant cockroaches
  4 goblins
  10 hobgoblins
  6 jackals
  11 kobolds
  3 quokkas
  3 ball pythons
  6 frilled lizards
  A quokka skeleton (D:4)
  9 rats
  A plant (D:5)
174 creatures vanquished.

Vanquished Creatures (others)
  4 toadstools (D:1)
4 creatures vanquished.

Grand Total: 178 creatures vanquished

Notes
Turn   | Place    | Note
-------+----------+-------------------------------------------
     0 | D:1      | Pizzadoos the Gnoll Warper began the quest for the Orb.
     0 | D:1      | Reached XP level 1. HP: 20/20 MP: 6/6
    54 | D:1      | Reached XP level 2. HP: 26/26 MP: 7/7
    58 | D:1      | Learned a level 2 spell: Blink
   335 | D:1      | Reached XP level 3. HP: 26/31 MP: 9/9
   359 | D:1      | Reached skill level 5 in Spellcasting
   450 | D:1      | Reached skill level 1 in Invocations
  1178 | D:2      | Found an iron altar of Okawaru.
  1390 | D:2      | Reached skill level 1 in Short Blades
  1390 | D:2      | Reached skill level 1 in Long Blades
  1390 | D:2      | Reached skill level 1 in Axes
  1390 | D:2      | Reached skill level 1 in Polearms
  1390 | D:2      | Reached skill level 1 in Staves
  1390 | D:2      | Reached skill level 1 in Slings
  1390 | D:2      | Reached skill level 1 in Bows
  1390 | D:2      | Reached skill level 1 in Crossbows
  1390 | D:2      | Reached skill level 1 in Stealth
  1390 | D:2      | Reached skill level 1 in Shields
  1390 | D:2      | Reached skill level 1 in Unarmed Combat
  1390 | D:2      | Reached skill level 1 in Evocations
  1467 | D:2      | Reached XP level 4. HP: 38/38 MP: 11/11
  1762 | D:2      | Noticed Natasha
  1778 | D:2      | Killed Natasha
  1778 | D:2      | Reached skill level 1 in Conjurations
  1778 | D:2      | Reached skill level 1 in Hexes
  1778 | D:2      | Reached skill level 1 in Charms
  1778 | D:2      | Reached skill level 1 in Summonings
  1778 | D:2      | Reached skill level 1 in Necromancy
  1778 | D:2      | Reached skill level 1 in Transmutations
  1778 | D:2      | Reached skill level 1 in Fire Magic
  1778 | D:2      | Reached skill level 1 in Ice Magic
  1778 | D:2      | Reached skill level 1 in Air Magic
  1778 | D:2      | Reached skill level 1 in Earth Magic
  1778 | D:2      | Reached skill level 1 in Poison Magic
  2113 | D:3      | Reached XP level 5. HP: 40/43 MP: 12/12
  2783 | D:3      | Noticed Sigmund
  3029 | D:3      | Killed Sigmund
  3029 | D:3      | Reached XP level 6. HP: 42/50 MP: 14/14
  3238 | D:4      | Reached skill level 5 in Fighting
  3238 | D:4      | Reached skill level 5 in Maces & Flails
  3238 | D:4      | Reached skill level 5 in Dodging
  3674 | D:4      | Reached XP level 7. HP: 32/56 MP: 15/15
  4102 | D:4      | Found a blossoming altar of Fedhas.
  4225 | D:4      | Found Idajoss's Gadget Shop.
  4379 | D:4      | Noticed an oklob plant
  4445 | D:5      | Entered Level 5 of the Dungeon
  4609 | D:5      | Reached XP level 8. HP: 60/63 MP: 16/16
  4702 | D:5      | Found Fiedug's Magic Scroll Boutique.
  4705 | D:5      | Bought a scroll of enchant weapon for 82 gold pieces
  4705 | D:5      | Bought a scroll of identify for 22 gold pieces
  4705 | D:5      | Bought a scroll of identify for 22 gold pieces
  4705 | D:5      | Bought a scroll of identify for 22 gold pieces
  4705 | D:5      | Bought a scroll of identify for 22 gold pieces
  5054 | D:5      | Found a runed translucent door.
  5055 | D:5      | Noticed Crazy Yiuf
  5281 | D:5      | Killed Crazy Yiuf
  5432 | D:6      | Found a hide-covered altar of Uskayaw.
  5617 | D:6      | Found a burning altar of Makhleb.
  5623 | D:6      | Found a glowing silver altar of Zin.
  5623 | D:6      | Noticed an angel
  5623 | D:6      | Noticed a blizzard demon
  5636 | D:6      | Became a worshipper of Makhleb the Destroyer
  6389 | D:7      | Found Miguixem's Armour Shop.
  6513 | D:7      | Reached XP level 9. HP: 60/69 MP: 18/18
  6626 | D:7      | Noticed Pikel
  6673 | D:7      | Killed Pikel
  6863 | D:7      | Found a staircase to the Ecumenical Temple.
  6880 | D:7      | Found an ancient bone altar of Kikubaaqudgha.
  6945 | D:7      | Got a slimy long sword
  6946 | D:7      | Identified the +1 long sword of Extremism {freeze, Dex+5}
                  | (You found it on level 7 of the Dungeon)
  7133 | D:7      | Reached skill level 5 in Throwing
  7133 | D:7      | Reached skill level 5 in Armour
  7189 | D:7      | Found an ornate altar of the Wu Jian Council.
  7272 | D:8      | Found a sand-covered staircase.
  7369 | D:8      | Reached * piety under Makhleb
  7427 | D:8      | Slain by an orc warrior

Skill      XL: |  1  2  3  4  5  6  7  8  9 |
---------------+----------------------------+-----
Spellcasting   | 5 6 |  6.7
Invocations    | 1 2 3 4 |  4.8
Short Blades   | 1 2 3 4 |  4.3
Long Blades    | 1 2 3 4 |  4.3
Axes           | 1 2 3 4 |  4.3
Polearms       | 1 2 3 4 |  4.3
Staves         | 1 2 3 4 |  4.3
Slings         | 1 2 3 4 |  4.3
Bows           | 1 2 3 4 |  4.3
Crossbows      | 1 2 3 4 |  4.3
Stealth        | 1 2 3 4 |  4.3
Shields        | 1 2 3 4 |  4.3
Unarmed Combat | 1 2 3 4 |  4.3
Evocations     | 1 2 3 4 |  4.3
Conjurations   | 1 2 3 |  3.5
Hexes          | 1 2 3 |  3.5
Charms         | 1 2 3 |  3.5
Summonings     | 1 2 3 |  3.5
Necromancy     | 1 2 3 |  3.5
Transmutations | 1 2 3 |  3.5
Fire Magic     | 1 2 3 |  3.5
Ice Magic      | 1 2 3 |  3.5
Air Magic      | 1 2 3 |  3.5
Earth Magic    | 1 2 3 |  3.5
Poison Magic   | 1 2 3 |  3.5
Throwing       | 3 4 5 |  5.1
Armour         | 3 4 5 |  5.1
Fighting       | 5 6 |  6.4
Maces & Flails | 5 6 |  6.4
Dodging        | 5 6 |  6.4
Translocations | 6 |  6.6

Action                   |  1- 3 |  4- 6 |  7- 9 || total
-------------------------+-------+-------+-------++-------
Melee: Mace              |   107 |       |       ||   107
       Bite              |    13 |    20 |    64 ||    97
       Dagger            |    24 |   126 |   353 ||   503
       Long sword        |       |       |    76 ||    76
Throw: Tomahawk          |       |       |     2 ||     2
 Cast: Blink             |     3 |       |       ||     3
  Use: Scroll            |     3 |     2 |     9 ||    14
       Potion            |       |       |     1 ||     1
  Eat: Chunk             |     1 |       |     3 ||     4
       Ration            |       |     2 |     4 ||     6
Armor: Leather armour    |     3 |       |       ||     3
       Ring mail         |    38 |       |       ||    38
       Scale mail        |     7 |       |       ||     7
       Chain mail        |     1 |    46 |    97 ||   144
Dodge: Dodged            |    79 |    60 |   195 ||   334
Block: Buckler           |       |     9 |    52 ||    61
       Rpst.: Long sword |       |       |    17 ||    17
